 Dungeon Crawl Stone Soup version 0.27-a0-679-g77a6b55cf3 (webtiles) character file.

Game seed: 5563925739175535940

73 Cyberdrake the Poker (level 4, -5/38 HPs)
             Began as a Draconian Berserker on Mar 19, 2021.
             Was a Believer of Trog.
             Slain by Robin
             ... wielding a +2 dagger of holy wrath
              (7 damage)
             ... on level 2 of the Dungeon.
             The game lasted 00:04:07 (1303 turns).

Cyberdrake the Poker (Draconian Berserker)          Turns: 1303, Time: 00:04:07

Health: -5/38      AC:  6    Str: 20    XL:     4   Next: 8%
Magic:  4/4        EV: 12    Int:  8    God:    Trog [**....]
Gold:   77         SH:  0    Dex: 10    Spells: 3/3 levels left

rFire    . . .     SeeInvis .   a - +0 spear
rCold    . . .     Faith    .   (no shield)
rNeg     . . .     Spirit   .   (armour unavailable)
rPois    .         Reflect  .   (helmet restricted)
rElec    .         Harm     .   c - +0 cloak
rCorr    .         Rampage  .   (no gloves)
Will     .....                  (no boots)
Stlth    +.........             (no amulet)
HPRegen  0.12/turn              (no ring)
MPRegen  0.09/turn              (no ring)

@: weak-willed, berserk cooldown, slowed, very slow
A: AC +5, unfitting armour, cold-blooded
a: Renounce Religion, Berserk, Trog's Hand


You were on level 2 of the Dungeon.
You worshipped Trog.
Trog was pleased with you.
You visited 1 branch of the dungeon, and saw 2 of its levels.

You collected 77 gold pieces.

Inventory:

Hand Weapons
 a - a +0 spear (weapon)
Missiles
 Q - 38 stones (quivered)
Armour
 c - a +0 cloak (worn)
Scrolls
 b - a scroll of blinking {unknown}
 d - a scroll of teleportation {unknown}
 e - a scroll of identify {unknown}
 f - a scroll of vulnerability {!r!r}


   Skills:
 - Level 3.2 Fighting
 + Level 5.0 Polearms
 - Level 2.6 Dodging


You had 3 spell levels left.
You didn't know any spells.
Your spell library was empty.

Dungeon Overview and Level Annotations

Branches:
Dungeon (2/15)

Altars:

Annotations:
D:2 Robin


Innate Abilities, Weirdness & Mutations

Your plain brown scales are hard. (AC +5)
You cannot fit into any form of body armour.
You are cold-blooded and may be slowed by cold attacks.


Message History

The hobgoblin hits you with a +0 club.
* * * LOW HITPOINT WARNING * * *
You take 3 damage, and have 9/31 hp.
Reach: a) +0 spear
Aim: an adder (severely wounded, weak-willed, about 56% to evade your +0 spear)
You reach to attack!
You puncture the adder!
You kill the adder!
The hobgoblin misses you.
Your Polearms skill increases to level 5!
You have reached level 4!
You feel clever.
You regained 3 hp, and now have 12/38 hp.
MP restored: 4 Unknown command.
You hit the hobgoblin. The hobgoblin hits you with a +0 club.
* * * LOW HITPOINT WARNING * * *
You take 1 damage, and have 11/38 hp.
You barely miss the hobgoblin.
The hobgoblin hits you but does no damage.
The hobgoblin barely misses you.
You hit the hobgoblin but do no damage. The hobgoblin barely misses you.
You hit the hobgoblin. The hobgoblin misses you.
You hit the hobgoblin but do no damage. The hobgoblin closely misses you.
The hobgoblin hits you with a +0 club.
* * * LOW HITPOINT WARNING * * *
You take 6 damage, and have 6/38 hp.
You hit the hobgoblin but do no damage. The hobgoblin hits you with a +0 club.
* * * LOW HITPOINT WARNING * * *
You take 4 damage, and have 2/38 hp.
You closely miss the hobgoblin. You tail-slap the hobgoblin.
You kill the hobgoblin!
Robin completely misses you.
Here: Robin, wielding a +2 dagger of holy wrath, wearing a +0 animal skin and wearing a +0 helmet (weak-willed)
Items here: (( )) †.
The floor, spattered with blood.
Unknown command.
Unknown command.
You barely miss Robin.
Robin hits you with a +2 dagger of holy wrath!
You die...

####### ### ######.....#
.....######..........######
.......†)g@$##.............
.....########....#.......##
#.# #......#...........#
.............#.......#
.............#......(#
...#########........## ..
#......#####....... .
##..##.# #..†.....
##.##.####........


You could see Robin (weak-willed).

Levels and vault maps discovered:
D:1:      lemuel_arrival_muddy, layout_basic
D:2:      layout_rooms, lightli_temple_of_fire, uniq_robin

Notes
Turn   | Place    | Note
-------+----------+-------------------------------------------
     0 | D:1      | Cyberdrake the Draconian Berserker began the quest for the
                  | Orb.
     0 | D:1      | Reached XP level 1. HP: 19/19 MP: 1/1
    19 | D:1      | Identified a +0 club
    25 | D:1      | Identified a +0 dagger
    48 | D:1      | HP: 4/19 [jackal (1)]
    50 | D:1      | Reached XP level 2. HP: 5/26 MP: 2/2
    90 | D:1      | Identified a +0 club
   422 | D:1      | Identified a +0 whip
   422 | D:1      | Identified a +0 club
   440 | D:1      | Reached skill level 4 in Polearms
   452 | D:1      | Identified a +0 cloak
   636 | D:1      | Identified a +0 club
   773 | D:1      | Identified a +0 dagger
   776 | D:1      | Reached ** piety under Trog
   962 | D:2      | Reached XP level 3. HP: 31/31 MP: 3/3
  1052 | D:2      | Identified a +0 club
  1052 | D:2      | Identified a +0 hunting sling
  1263 | D:2      | Identified a +0 club
  1264 | D:2      | Identified a +0 club
  1264 | D:2      | Identified a +0 hunting sling
  1265 | D:2      | Identified a +2 dagger of holy wrath
  1265 | D:2      | Identified a +0 animal skin
  1265 | D:2      | Identified a +0 helmet
  1265 | D:2      | Noticed Robin
  1265 | D:2      | Identified a +0 dagger
  1266 | D:2      | Identified a +0 club
  1287 | D:2      | Identified 2 scrolls of vulnerability
  1296 | D:2      | Reached skill level 5 in Polearms
  1296 | D:2      | Reached XP level 4. HP: 12/38 MP: 4/4
  1300 | D:2      | HP: 6/38 [hobgoblin/+0 club[Robin] (6)]
  1301 | D:2      | HP: 2/38 [hobgoblin/+0 club[Robin] (4)]
  1303 | D:2      | Slain by Robin

Table legend: (Time is in decaauts)
 A = Elapsed time spent in this place.
 B = Non-inter-level travel time spent in this place.
 C = Inter-level travel time spent in this place.
 D = Time resting spent in this place.
 E = Time spent auto-exploring this place.
 F = Levels seen in this place.
 G = Mean time per level.
                   A        B        C        D        E       F      G
               +--------+--------+--------+--------+--------+-----+--------+
         Total |   1323 |   1308 |     15 |    233 |    837 |   2 |  661.5 |
       Dungeon |   1323 |   1308 |     15 |    233 |    837 |   2 |  661.5 |
               +--------+--------+--------+--------+--------+-----+--------+

Top non-repeatable levels by time:
     D:1: 937 daAuts
     D:2: 386 daAuts

Table legend:
 A = Kills in this place as a percentage of kills in entire the game.
 B = Kills by you in this place as a percentage of kills by you in the entire game.
 C = Kills by friends in this place as a percentage of kills by friends in the entire game.
 D = Other kills in this place as a percentage of other kills in the entire game.
 E = Experience gained in this place as a percentage of experience gained in the entire game.
 F = Experience gained in this place divided by the number of levels of this place that you have seen.
                   A       B       C       D       E      F
               +-------+-------+-------+-------+-------+----------------------
         Total | 100.0 | 100.0 |   N/A |   N/A | 100.0 |  52.5
       Dungeon | 100.0 | 100.0 |   N/A |   N/A | 100.0 |  52.5
               +-------+-------+-------+-------+-------+----------------------

Skill      XL: |  1  2  3 |
---------------+----------+-----
Polearms       | 4 5 |  5.0
Fighting       | |  3.2
Dodging        | |  2.6

Action                   |  1- 3 |  4- 6 || total
-------------------------+-------+-------++-------
Melee: Spear             |   122 |     8 ||   130
       Tailslap          |     7 |     1 ||     8
Invok: Berserk           |     4 |       ||     4
  Use: Scroll            |     1 |       ||     1
Armor: Skin              |    26 |     1 ||    27
Dodge: Dodged            |    71 |     5 ||    76

Vanquished Creatures
  2 adders (D:2)
  A worm (D:2)
  A dart slug (D:1)
  A leopard gecko (D:2)
  A giant cockroach (D:2)
  12 goblins
  8 hobgoblins
  5 jackals (D:1)
  4 kobolds (D:1)
  4 bats
  2 frilled lizards
  2 rats (D:1)
43 creatures vanquished.
